 Dungeon Crawl Stone Soup version 0.22-a0-558-gc224181 (webtiles) character file.

639 pk666 the Magician (level 7, 0/36 HPs)
             Began as a Deep Elf Fire Elementalist on June 27, 2018.
             Shot with an arrow by a centaur (4 damage)
             ... on level 6 of the Dungeon.
             The game lasted 00:15:36 (5195 turns).

pk666 the Magician (Deep Elf Fire Elementalist)     Turns: 5195, Time: 00:15:37

Health: 0/36       AC:  4    Str:  5    XL:     7   Next: 26%
Magic:  5/18       EV: 13    Int: 26    God:
Gold:   432        SH:  0    Dex: 15    Spells: 5/18 levels left

rFire    . . .     SeeInvis .   l - +1 dagger
rCold    . . .     Gourm    .   (no shield)
rNeg     . . .     Faith    .   a - +0 robe
rPois    .         Spirit   .   r - +2 hat
rElec    .         Reflect  .   (no cloak)
rCorr    .         Harm     .   (no gloves)
MR       .....                  (no boots)
Stlth    ++........             (no amulet)
HPRegen  0.12/turn              o - ring of wizardry
MPRegen  0.16/turn              n - +4 ring of intelligence

@: starving
A: no striking features
a: no special abilities


You were on level 6 of the Dungeon.
You were starving.

You visited 1 branch of the dungeon, and saw 6 of its levels.

You collected 432 gold pieces.

Inventory:

Hand Weapons
 l - a +1 dagger (weapon)
Armour
 a - a +0 robe (worn)
 r - a +2 hat (worn)
Jewellery
 e - a +3 ring of protection
 h - an uncursed ring of positive energy {unknown}
 m - an uncursed ring of protection from magic
 n - a +4 ring of intelligence (right hand)
 o - a ring of wizardry (left hand)
Wands
 t - a wand of flame (29)
Scrolls
 g - 4 scrolls of identify
 i - a scroll of magic mapping
 k - 3 scrolls of enchant weapon
 q - 2 scrolls of fog
 v - a scroll of remove curse
Potions
 b - a potion of brilliance
 d - a potion of heal wounds {unknown}
 f - a potion of ambrosia {unknown}
 p - 2 potions of lignification
 s - 2 potions of might
 u - 2 potions of curing
Comestibles
 c - 5 rations


   Skills:
 - Level 2.4 Dodging
 - Level 2.4 Stealth
 + Level 6.1 Spellcasting
 + Level 5.8 Conjurations
 + Level 5.6 Fire Magic


You had 5 spell levels left.
You knew the following spells:

 Your Spells              Type           Power        Failure   Level  Hunger
a - Flame Tongue          Conj/Fire      #####        1%          1    None
b - Sticky Flame          Conj/Fire      #####...     2%          4    ###....
c - Conjure Flame         Conj/Fire      #####...     1%          3    None
z - Fireball              Conj/Fire      #####.....   8%          5    #####..

Your spell library contained the following spells:

 Spells                   Type           Power        Failure   Level  Hunger
 Throw Flame              Conj/Fire      #####.       1%          2    None
 Sting                    Conj/Pois      ###.         1%          1    None
 Inner Flame              Hex/Fire       ###.....     2%          3    None


Dungeon Overview and Level Annotations

Branches:
Dungeon (6/15)
 Temple: D:4-7

Altars:
Dithmenos
Qazlal
Sif Muna
The Shining One


Message History

The stone arrow hits you!
You don't have the energy to cast that spell.
The gargoyle hurls a stone arrow at you.
The stone arrow hits you!
A centaur comes into view.
The centaur moves out of view.
The centaur shouts!
The centaur wields a shortbow.
The centaur shoots an arrow.
The arrow hits you!
You see here an arrow.
The centaur shoots an arrow.
The arrow misses you.
The centaur shoots an arrow.
The arrow barely misses you.
You don't have the energy to cast that spell.
You don't have the energy to cast that spell.
Unknown command.
The centaur shoots an arrow.
The arrow misses you.
The centaur shoots an arrow.
The arrow hits you!
* * * LOW HITPOINT WARNING * * *
There is a stone staircase leading up here.
The centaur shoots an arrow.
The arrow hits you.
You die...

#.# ##### #.###...##
##..#.....#
#......(..## #
##..........##
#####.......9....#
..##.........(...###
..........####.....##
###.....### #..@...#
###..## #.......#
#..# #..c.....# #..#
#....###..# #..#
#...## .. #..# #...#
. #..# ....# #..?.#


You could see a gargoyle and a centaur.

Vanquished Creatures
  A phantom (D:5)
  A centaur (D:5)
  An ogre (D:4)
  A centaur skeleton (D:3)
  2 hounds
  An orc wizard (D:4)
  A worker ant (D:4)
  4 gnolls (D:3)
  A howler monkey skeleton (D:4)
  9 adders
  2 oozes (D:2)
  A worm (D:2)
  3 dart slugs
  5 leopard geckos
  5 orcs (D:3)
  10 goblins
  6 hobgoblins
  3 jackals
  8 kobolds
  2 quokkas
  10 bats
  2 frilled lizards
  10 rats
89 creatures vanquished.

Vanquished Creatures (others)
  An orc wizard (D:4)
1 creature vanquished.

Grand Total: 90 creatures vanquished

Notes
Turn   | Place    | Note
-------+----------+-------------------------------------------
     0 | D:1      | pk666 the Deep Elf Fire Elementalist began the quest for the Orb.
     0 | D:1      | Reached XP level 1. HP: 10/10 MP: 6/6
   196 | D:1      | Reached XP level 2. HP: 4/15 MP: 1/8
   859 | D:1      | Reached XP level 3. HP: 18/19 MP: 1/10
  1693 | D:2      | Reached XP level 4. HP: 24/24 MP: 5/11
  1741 | D:2      | Learned a level 4 spell: Sticky Flame
  1750 | D:2      | Learned a level 3 spell: Conjure Flame
  1868 | D:2      | Reached skill level 4 in Spellcasting
  2110 | D:2      | Found a stormy altar of Qazlal.
  2251 | D:2      | Found a glowing golden altar of the Shining One.
  2252 | D:2      | Found a shadowy altar of Dithmenos.
  2605 | D:3      | Reached XP level 5. HP: 28/28 MP: 4/13
  3187 | D:3      | Learned a level 5 spell: Fireball
  3459 | D:4      | Noticed an ogre
  3520 | D:4      | Found a deep blue altar of Sif Muna.
  3554 | D:4      | Killed an ogre
  3554 | D:4      | Reached skill level 5 in Spellcasting
  3554 | D:4      | Reached skill level 5 in Conjurations
  3554 | D:4      | Reached XP level 6. HP: 32/32 MP: 7/15
  4120 | D:5      | Entered Level 5 of the Dungeon
  4209 | D:5      | Reached skill level 5 in Fire Magic
  4657 | D:5      | Reached XP level 7. HP: 36/36 MP: 14/17
  4674 | D:5      | Reached skill level 6 in Spellcasting
  4979 | D:4      | Identified Sif Muna's Disquisition on Battle Magic
  5166 | D:6      | Noticed a gargoyle
  5195 | D:6      | Shot with an arrow by a centaur

Vault maps used:
D:1:      lightli_iron_boxes
D:2:      nicolae_qazlal_eye_of_the_storm, gammafunk_temple_overflow_statue
D:3:      first_ration
D:4:      led_sif_book
D:5:      serial_curves, eino_curves_04, eino_curves_01
D:6:      minmay_temple_entry_metal_lava, kennysheep_generic_room_15

Skill      XL: |  1  2  3  4  5  6  7 |
---------------+----------------------+-----
Conjurations   | 2 3 5 |  5.8
Spellcasting   | 4 5 6 |  6.1
Fire Magic     | 4 5 |  5.6
Dodging        | |  2.4
Stealth        | |  2.4

Action                   |  1- 3 |  4- 6 |  7- 9 || total
-------------------------+-------+-------+-------++-------
Melee: Unarmed           |     1 |       |       ||     1
       Dagger            |       |    14 |     1 ||    15
 Cast: Flame Tongue      |    76 |   109 |    15 ||   200
       Conjure Flame     |       |     5 |       ||     5
       Fireball          |       |     1 |     4 ||     5
  Use: Scroll            |       |    12 |     1 ||    13
       Potion            |       |     1 |     3 ||     4
 Stab: Sleeping          |       |     1 |       ||     1
  Eat: Chunk             |     2 |     9 |     1 ||    12
Armor: Robe              |    23 |     8 |     1 ||    32
Dodge: Dodged            |    40 |    32 |    10 ||    82

Table legend:
 A = Spawn XP
 B = Non-spawn XP
 C = Spawn XP percentage of total XP
 D = Spawn monster count
 E = Non-spawn monster count
 F = Spawn count percentage of total count
 G = Total turns spent on level
                    A         B        C        D         E        F      G
               +---------+---------+-------+---------+---------+-------+---------
         Total |       0 |     914 |   0.0 |       0 |      90 |   0.0 |  5195
               +---------+---------+-------+---------+---------+-------+---------
           D:1 |       0 |      51 |   0.0 |       0 |      28 |   0.0 |  1485
           D:2 |       0 |      97 |   0.0 |       0 |      27 |   0.0 |   823
           D:3 |       0 |     177 |   0.0 |       0 |      21 |   0.0 |  1147
           D:4 |       0 |     272 |   0.0 |       0 |       7 |   0.0 |   871
           D:5 |       0 |     315 |   0.0 |       0 |       6 |   0.0 |   816
           D:6 |       0 |       2 |   0.0 |       0 |       1 |   0.0 |    53
               +---------+---------+-------+---------+---------+-------+---------
